 Dungeon Crawl Stone Soup version 0.31.0-11-ge490571c62 (webtiles) character file.

Game seed: 12820268300484897111

55 zenocrate the Sneak (level 3, 0/16 HPs)
             Began as a Vine Stalker Enchanter on Jan 30, 2024.
             Slain by a quokka (3 damage)
             ... on level 2 of the Dungeon.
             The game lasted 00:01:13 (818 turns).

zenocrate the Sneak (Vine Stalker Enchanter)         Turns: 818, Time: 00:01:13

Health: 0/16       AC:  2    Str: 10    XL:     3   Next: 93%
Magic:  0/7        EV: 12    Int: 15    God:
Gold:   37         SH:  0    Dex: 16    Spells: 1/6 levels left

rFire   . . .        b - +1 dagger (flame)
rCold   . . .        (no shield)
rNeg    . . .        e - +0 robe
rPois   .            (no helmet)
rElec   .            (no cloak)
rCorr   .            (no gloves)
SInv    .            (no boots)
Will    .....        (no amulet)
Stlth   +++          (no ring)
HPRegen 1.02/turn    (no ring)
MPRegen 0.10/turn

%: guardian spirit
@: very slightly contaminated
A: fangs 2, regeneration 1, magic shield, antimagic bite, no potion heal 2
a: no special abilities


You were on level 2 of the Dungeon.
You visited 1 branch of the dungeon, and saw 2 of its levels.

You collected 37 gold pieces.

Inventory:

Hand Weapons
 a - a +1 dagger
 b - a +1 dagger of flaming (weapon)
Missiles
 d - 8 poisoned darts (quivered)
Armour
 e - a +0 robe (worn)
Scrolls
 f - 2 scrolls of enchant weapon {unknown}
 g - a scroll of torment {unknown}
 h - a scroll of identify {unknown}
 i - a scroll of vulnerability {unknown}
 l - a scroll of enchant armour {unknown}
Potions
 c - 3 potions of invisibility
 j - 2 potions of might {unknown}
 k - a potion of magic {unknown}


   Skills:
 + Level 1.5 Short Blades
 + Level 2.0 Dodging
 + Level 4.1 Stealth
 - Level 2.1 Spellcasting
 + Level 3.3 Hexes
 * Level 1.6 Ice Magic


You had one spell level left.
You knew the following spells:

 Your Spells              Type           Power      Damage    Failure   Level
a - Ensorcelled Hibernat  Hex/Ice        18%        N/A       12%         2
b - Confusing Touch       Hex            11%        N/A       17%         3

Your spell library contained the following spells:

 Spells                   Type           Power      Damage    Failure   Level
 Tukima's Dance           Hex            11%        N/A       17%         3
 Call Imp                 Summ           2%         N/A       32%         2
 Sublimation of Blood     Necr           1%         N/A       32%         2
 Dazzling Flash           Conj/Hex       12%        N/A       32%         3
 Summon Hydra             Summ           0%         N/A       100%        7


Dungeon Overview and Level Annotations

Branches:
Dungeon (2/15)

Altars:
Trog


Innate Abilities, Weirdness & Mutations

You have extremely sharp teeth.
Your natural rate of healing is unusually fast.
When hurt, damage is shared between your health and your magic reserves.
Your bite disrupts and absorbs the magic of your enemies.
Potions cannot restore your health.


Message History

You kill the frilled lizard!
No target in view!
l - a scroll labelled FIRCHU HIUSS A quokka comes into view.
There are monsters nearby!
There are monsters nearby!
There are monsters nearby!
The gnoll shouts!
You hit the gnoll but do no damage. The gnoll hits you with a +0 spear.
Casting: Ensorcelled Hibernation (safe; 12% risk of failure)
Confirm with . or Enter, or press ? or * to list all spells.
Aiming: Ensorcelled Hibernation (safe; 12% risk of failure)
Press: ? - help, Shift-Dir - straight line, f - gnoll
Aim: a gnoll, wielding a +0 spear (chance to affect: 51%)
You miscast Ensorcelled Hibernation.
You are very lightly contaminated with residual magic.
Nothing appears to happen.
The gnoll hits you with a +0 spear!
Unknown command.
Casting: Ensorcelled Hibernation (safe; 12% risk of failure)
Confirm with . or Enter, or press ? or * to list all spells.
Aiming: Ensorcelled Hibernation (safe; 12% risk of failure)
Press: ? - help, Shift-Dir - straight line, f/p - gnoll
Aim: a gnoll, wielding a +0 spear (chance to affect: 51%)
You miscast Ensorcelled Hibernation.
Nothing appears to happen.
The gnoll hits you with a +0 spear.
Unknown command.
You hit the gnoll. You burn the gnoll. You bite the gnoll. You drain its power.
You feel invigorated.
The gnoll is moderately wounded.
The gnoll hits you with a +0 spear.
You are too injured to fight recklessly!
You closely miss the gnoll.
The gnoll is moderately wounded.
The gnoll hits you with a +0 spear!
* * * LOW HITPOINT WARNING * * *
Unknown command.
You hit the gnoll. You burn the gnoll.
The gnoll is heavily wounded.
The quokka bites you.
You die...

..♣ ♣♣..♣..♣♣♣♣♣
...P♣.......♣.P♣
..♣..P....♣.♣♣
#♣♣.........♣..
#.P..P.#..8P.♣ ♣
##..♣.......♣.♣.♣
...P♣.#...#..P..♣
#..P.....r...♣
##..PP.._!@♣.♣♣
)...♣.?...g...♣♣
..§.♣.#...#♣......
.#...P......♣P♣.P.
.##.♣♣P.!#....P♣
..
...♣♣§♣......♣♣♣ .
#.P§♣♣.$..♣..♣♣♣
#..PP..♣.....P..
#.♣♣....♣♣....P♣


You could see a gnoll and a quokka.

Vanquished Creatures
  A gnoll (D:2)
  A ribbon worm (D:2)
  5 ball pythons (D:1)
  5 endoplasms
  A giant cockroach (D:2)
  4 goblins
  3 hobgoblins (D:1)
  7 kobolds
  6 quokkas
  A bat (D:2)
  2 frilled lizards
  2 rats
38 creatures vanquished.

Notes
Turn   | Place    | Note
-------+----------+-------------------------------------------
     0 | D:1      | zenocrate the Vine Stalker Enchanter began the quest for
                  | the Orb.
     0 | D:1      | Reached XP level 1. HP: 9/9 MP: 4/4
    26 | D:1      | Reached skill level 1 in Short Blades
    56 | D:1      | Reached XP level 2. HP: 13/13 MP: 6/6
    61 | D:1      | Learned a level 2 spell: Ensorcelled Hibernation
   303 | D:1      | Reached skill level 1 in Ice Magic
   305 | D:1      | Reached XP level 3. HP: 16/16 MP: 4/7
   309 | D:1      | Learned a level 3 spell: Confusing Touch
   441 | D:1      | Reached skill level 4 in Stealth
   681 | D:2      | Found a bloodstained altar of Trog.
   818 | D:2      | Slain by a quokka

Illustrated notes

Levels and vault maps discovered:
D:1:      lightli_arrival_lavapool, layout_basic, nrook_loot_triangle
D:2:      wad_woods_stonehenge, layout_loops_ring, minmay_misc_feat_tower,
          uniq_crazy_yiuf_cottage

Skill      XL: |  1  2  3 |
---------------+----------+-----
Short Blades   | 1 |  1.5
Ice Magic      | 1 |  1.6
Stealth        | 4 |  4.1
Dodging        | 2 |  2.0
Spellcasting   | |  2.1
Hexes          | |  3.3

Action                     || total
---------------------------++-------
  Melee: Dagger            ||   112
         Bite              ||    31
         Punch             ||     1
   Cast: Ensorcelled Hiber ||     3
   Stab: Sleeping          ||     7
 Armour: Robe              ||    51
  Dodge: Dodged            ||    65
